 Dungeon Crawl Stone Soup version 0.31-a0-851-g7ff8af7976 (webtiles) character file.

Game seed: 14531086239561162886

1362 Gladio the Trooper (level 8, 0/61 HPs)
             Began as a Djinni Fire Elementalist on Oct 7, 2023.
             Was an Initiate of Makhleb.
             Slain by a bullfrog (4 damage)
             ... on level 6 of the Dungeon.
             The game lasted 00:15:42 (5026 turns).

Gladio the Trooper (Djinni Fire Elementalist)       Turns: 5026, Time: 00:15:42

Health: 0/61       AC:  4    Str: 13    XL:     8   Next: 96%
Gold:   219        EV: 13    Int: 19    God:    Makhleb [......] SH:  0 Dex: 14

rFire   + + +        l - staff of fire
rCold   x . .        (no shield)
rNeg    . . .        a - +0 robe
rPois   ∞            r - +0 helmet
rElec   .            (no cloak)
rCorr   .            b - +0 pair of gloves
SInv    .            (boots unavailable)
Will    +....        w - amulet of the acrobat
Stlth   ++           g - +6 ring of strength
HPRegen 0.30/turn    x - ring of willpower
MPRegen 0.00/turn

%: acrobat, infuse magic (-1 HP)
@: flying, very slightly contaminated
A: sickness immunity, fire resistance 2, cold vulnerability 1, float, innate
caster, HP casting, extra vitality 1
a: Renounce Religion


You were on level 6 of the Dungeon.
You worshipped Makhleb.
Makhleb was noncommittal.
You visited 2 branches of the dungeon, and saw 7 of its levels.

You collected 245 gold pieces.
You spent 26 gold pieces at shops.

Inventory:

Missiles
 v - a throwing net
Armour
 a - a +0 robe (worn)
 b - a +0 pair of gloves (worn)
 r - a +0 helmet (worn)
Magical Staves
 l - a staff of fire (weapon)
Jewellery
 g - a +6 ring of strength (left hand)
 w - an amulet of the acrobat (around neck)
 x - a ring of willpower (right hand)
Scrolls
 c - a scroll of teleportation {unknown}
 i - a scroll of poison {unknown}
 k - a scroll of vulnerability {unknown}
 n - a scroll of brand weapon {unknown}
 q - a scroll of enchant weapon {unknown}
 s - a scroll of blinking {unknown}
 t - a scroll of noise {unknown}
Potions
 d - 2 potions of brilliance {unknown}
 e - a potion of degeneration {unknown}
 f - 2 potions of enlightenment
 h - a potion of lignification {unknown}
 m - 2 potions of curing
 o - 2 potions of might {unknown}
 p - a potion of haste {unknown}
 u - a potion of magic {unknown}


   Skills:
 * Level 6.0 Fighting
 + Level 3.5 Staves
 - Level 4.5 Dodging
 - Level 1.5 Stealth
 * Level 5.0 Spellcasting
 * Level 5.0 Conjurations
 * Level 5.0 Hexes
 * Level 5.0 Summonings
 * Level 5.0 Necromancy
 * Level 5.0 Translocations
 * Level 5.0 Transmutations
 * Level 5.0 Fire Magic
 * Level 5.0 Ice Magic
 * Level 5.0 Air Magic
 * Level 5.0 Earth Magic
 * Level 5.0 Poison Magic
 + Level 2.0 Invocations


You knew the following spells:

 Your Spells              Type           Power      Damage    Failure   Level
a - Foxfire               Conj/Fire      100%       2x1d9     1%          1
b - Scorch                Fire           70%        2d7       2%          2
c - Volatile Blastmotes   Fire/Tloc      70%        2d15      4%          3
d - Inner Flame           Hex/Fire       35%        N/A       4%          3
e - Flame Wave            Conj/Fire      35%        2d10      16%         4
f - Summon Small Mammal   Summ           92%        N/A       1%          1
g - Poisonous Vapours     Pois/Air       46%        N/A       2%          2
h - Gell's Gravitas       Tloc           23%        N/A       4%          3
Your spell library was empty.

Dungeon Overview and Level Annotations

Branches:
Dungeon (6/15)             Temple (1/1) D:5

Altars:
Ashenzari
Cheibriados
Dithmenos
Elyvilon
Fedhas
Gozag
Makhleb
Nemelex Xobeh
Okawaru
Qazlal
Ru
Trog
Wu Jian
Xom
Yredelemnul
Zin
The Shining One

Shops:
D:3 [   D:5 *

Annotations:
D:3 3 runed translucent doors, Heedrag's ghost, amateur DsSh; Opifex's ghost, amateur DrCK; vaaraton's ghost, amateur MiFi
D:6 1 runed translucent door


Innate Abilities, Weirdness & Mutations

You are immune to sickness and miasma.
You are immune to poison.
Your flesh is very heat resistant. (rF++)
You are vulnerable to cold. (rC-)
You float through the air rather than walking.
You learn spells naturally, not from books.
Your magical power is your life essence.
You have superior vitality. (+4 MHP)


Message History

Confirm with . or Enter, or press ? or * to list all spells.
Restarting spell: Flame Wave (dangerous; 16% risk of failure)
Press: ? - help, Dir - look around, f - activate You feel a surge of power!
A wave of flame ripples out!
The flame wave engulfs the kobold brigand.
The kobold brigand is almost dead. (Press . to intensify the flame waves.)
* * * LOW HITPOINT WARNING * * *
The kobold brigand closely misses you.
Casting: Flame Wave (dangerous; 16% risk of failure)
Confirm with . or Enter, or press ? or * to list all spells.
Restarting spell: Flame Wave (dangerous; 16% risk of failure)
Press: ? - help, Dir - look around, f - activate You feel a surge of power!
A wave of flame ripples out!
The flame wave engulfs the kobold brigand!
You kill the kobold brigand!
Makhleb accepts your kill. (Press . to intensify the flame waves.)
* * * LOW HITPOINT WARNING * * *
You hear a shout! x2
Your Fighting skill increases to level 6!
Your Spellcasting skill increases to level 5!
Your Conjurations skill increases to level 5!
Your Hexes skill increases to level 5!
Your Summonings skill increases to level 5!
Your Necromancy skill increases to level 5!
Your Translocations skill increases to level 5!
Your Transmutations skill increases to level 5!
Your Fire Magic skill increases to level 5!
Your Ice Magic skill increases to level 5!
Your Air Magic skill increases to level 5!
Your Earth Magic skill increases to level 5!
Your Poison Magic skill increases to level 5!
Your Invocations skill increases to level 2!
You hit the bullfrog.
The bullfrog is lightly wounded.
The bullfrog hits you.
* * * LOW HITPOINT WARNING * * *
The bullfrog hits you.
You die...

#########.# ##..
#.........# ##...
#.##......# #.†).
#.##.####.####...
#####.##.####........
#...........######...
#####.#####........##
#####.# #..####..#
#.$F@.# #..# #..#
#..#~#.###.# #.##
#..# ##.#+#.
#.#####.# #..# #...)K
#.....<.# #... ####..
####.#### #.... #.K
#.# ##### #.. #.# #..
#.# #... #.#


You could see a bullfrog.

Vanquished Creatures
  Grinder (D:3)
  Sigmund (D:3)
  Edmund (D:4)
  An orc warrior (D:6)
  A phantom (D:5)
  2 kobold brigands (D:6)
  3 scorpions
  A howler monkey (D:5)
  A hound (D:5)
  2 jellies (D:5)
  3 iguanas
  Robin (D:3)
  3 gnolls (D:3)
  6 adders
  A shadow imp (D:6)
  3 ufetubi
  4 dart slugs
  7 orcs
  10 endoplasms
  5 giant cockroaches
  18 goblins
  10 hobgoblins
  2 jackals (D:4)
  A quokka (D:1)
  4 bats
  A frilled lizard (D:2)
  8 kobolds
  8 rats
109 creatures vanquished.

Vanquished Creatures (others)
  187 foxfires
187 creatures vanquished.

Grand Total: 296 creatures vanquished

Notes
Turn   | Place    | Note
-------+----------+-------------------------------------------
     0 | D:1      | Gladio the Djinni Fire Elementalist began the quest for the
                  | Orb.
     0 | D:1      | Gladio set off with the following spells memorised:
                  | Foxfire, Scorch, Volatile Blastmotes, Inner Flame, Flame
                  | Wave.
     0 | D:1      | Reached XP level 1. HP: 15/15 MP: 0/0
   238 | D:1      | Reached XP level 2. HP: 19/22 MP: 0/0
   458 | D:1      | Reached skill level 1 in Fighting
   839 | D:2      | Reached XP level 3. HP: 26/27 MP: 0/0
   839 | D:2      | Learned a level 1 spell: Summon Small Mammal
  1062 | D:2      | Reached XP level 4. HP: 30/33 MP: 0/0
  1297 | D:3      | Noticed a scorpion
  1308 | D:3      | Killed a scorpion
  1309 | D:3      | Reached skill level 2 in Fighting
  1309 | D:3      | Reached skill level 1 in Staves
  1309 | D:3      | Reached XP level 5. HP: 28/39 MP: 0/0
  1309 | D:3      | Learned a level 2 spell: Poisonous Vapours
  1616 | D:3      | Noticed Robin
  1625 | D:3      | Killed Robin
  1701 | D:3      | Noticed Sigmund
  1796 | D:3      | HP: 1/40 [something (9)]
  1797 | D:3      | Killed Sigmund
  1798 | D:3      | Reached skill level 3 in Fighting
  1798 | D:3      | Reached XP level 6. HP: 2/46 MP: 0/0
  2102 | D:3      | Found Cuirel's Antique Armour Shoppe.
  2107 | D:3      | Noticed Grinder
  2108 | D:3      | Reached XP level 7. HP: 46/51 MP: 0/0
  2108 | D:3      | Learned a level 3 spell: Gell's Gravitas
  2109 | D:3      | Paralysed by Grinder for 4 turns
  2118 | D:3      | Killed Grinder
  2119 | D:3      | Reached skill level 4 in Fighting
  2184 | D:3      | Found a runed translucent gate.
  2185 | D:3      | Found a runed translucent gate.
  2185 | D:3      | Found a runed translucent gate.
  2186 | D:3      | Noticed vaaraton's ghost (amateur MiFi)
  2187 | D:3      | Noticed Heedrag's ghost (amateur DsSh)
  2187 | D:3      | Noticed Opifex's ghost (amateur DrCK)
  2761 | D:4      | Found a white marble altar of Elyvilon.
  3106 | D:4      | Noticed Edmund
  3132 | D:4      | Killed Edmund
  3133 | D:4      | Reached XP level 8. HP: 44/58 MP: 0/0
  3644 | D:5      | Entered Level 5 of the Dungeon
  3751 | D:5      | Found Quczymee's Assorted Antiques.
  3765 | D:5      | Bought a bubbling green potion for 26 gold pieces
  3894 | D:5      | Found a staircase to the Ecumenical Temple.
  3902 | D:5      | Reached skill level 5 in Fighting
  3907 | Temple   | Entered the Ecumenical Temple
  3934 | Temple   | Became a worshipper of Makhleb the Destroyer
  4028 | D:5      | You are sucked into a shaft and drop 1 floor!
  4287 | D:6      | Found a runed translucent door.
  4369 | D:5      | Reached skill level 1 in Invocations
  5026 | D:6      | Reached skill level 6 in Fighting
  5026 | D:6      | Reached skill level 5 in Spellcasting
  5026 | D:6      | Reached skill level 5 in Conjurations
  5026 | D:6      | Reached skill level 5 in Hexes
  5026 | D:6      | Reached skill level 5 in Summonings
  5026 | D:6      | Reached skill level 5 in Necromancy
  5026 | D:6      | Reached skill level 5 in Translocations
  5026 | D:6      | Reached skill level 5 in Transmutations
  5026 | D:6      | Reached skill level 5 in Fire Magic
  5026 | D:6      | Reached skill level 5 in Ice Magic
  5026 | D:6      | Reached skill level 5 in Air Magic
  5026 | D:6      | Reached skill level 5 in Earth Magic
  5026 | D:6      | Reached skill level 5 in Poison Magic
  5026 | D:6      | Slain by a bullfrog

Illustrated notes

Levels and vault maps discovered:
D:1:      wheals_arrival_linesprint, layout_loops_ring,
          minmay_misc_feat_columns, minmay_pentomino_u2
D:2:      layout_rooms
D:3:      layout_loops_ring, serial_shops, nicolae_shop_tiny_statue_garden,
          gammafunk_ghost_cemetery, uniq_grinder, uniq_robin, uniq_sigmund
D:4:      layout_basic, mainiacjoe_overflow_paths, uniq_edmund
D:5:      layout_basic, temple_green, serial_shops, shop
D:6:      layout_loops_ring, ebering_ghost_sewer_d
Temple:   nicolae_temple_bog_church

Skill      XL: |  1  2  3  4  5  6  7  8 |
---------------+-------------------------+-----
Spellcasting   | 4 5 |  5.0
Conjurations   | 4 5 |  5.0
Hexes          | 4 5 |  5.0
Summonings     | 4 5 |  5.0
Necromancy     | 4 5 |  5.0
Translocations | 4 5 |  5.0
Transmutations | 4 5 |  5.0
Fire Magic     | 4 5 |  5.0
Ice Magic      | 4 5 |  5.0
Air Magic      | 4 5 |  5.0
Earth Magic    | 4 5 |  5.0
Poison Magic   | 4 5 |  5.0
Fighting       | 1 2 3 4 6 |  6.0
Staves         | 1 2 3 |  3.5
Dodging        | 3 4 |  4.5
Invocations    | 2 |  2.0
Stealth        | |  1.5

Action                     |  1- 3 |  4- 6 |  7- 9 || total
---------------------------+-------+-------+-------++-------
  Melee: Staff             |       |     3 |     1 ||     4
   Cast: Foxfire           |    39 |    30 |    55 ||   124
         Scorch            |     6 |    13 |    41 ||    60
         Summon Small Mamm |     2 |       |     1 ||     3
         Volatile Blastmot |       |     9 |    10 ||    19
         Poisonous Vapours |       |     6 |    15 ||    21
         Flame Wave        |       |       |     3 ||     3
    Use: Scroll            |       |       |     3 ||     3
 Armour: Robe              |     2 |    12 |    40 ||    54
  Dodge: Dodged            |     5 |    13 |    68 ||    86

Table legend: (Time is in decaauts)
 A = Elapsed time spent in this place.
 B = Non-inter-level travel time spent in this place.
 C = Inter-level travel time spent in this place.
 D = Time resting spent in this place.
 E = Time spent auto-exploring this place.
 F = Levels seen in this place.
 G = Mean time per level.
                   A        B        C        D        E       F      G
               +--------+--------+--------+--------+--------+-----+--------+
         Total |   5026 |   4596 |    430 |     27 |   3796 |   7 |  718.0 |
       Dungeon |   4993 |   4593 |    400 |     27 |   3796 |   6 |  832.2 |
        Temple |     32 |      2 |     30 |      0 |      0 |   1 |   32.0 |
               +--------+--------+--------+--------+--------+-----+--------+

Top non-repeatable levels by time:
     D:3: 1209 daAuts
     D:4: 1159 daAuts
     D:5: 1000 daAuts
     D:1: 777 daAuts
     D:2: 496 daAuts
     D:6: 350 daAuts
  Temple: 32 daAuts
